Map: Apotheosis LE

Players

Top

  • Race: Zerg Zerg

ChicagoMedic - Winner!

  • Race: Protoss Protoss
  • League: Gold

VOD

Have the link to the VOD?

Description

Time

  • Played on: Oct. 12, 2016, 9:06 a.m.
  • Length: 11:10
Show
View Real Time Build Order
Export as new Build Order

Top Zerg 

Build Orders: Hatch First 

Get SALT Encoding   

  12  0:02  Drone  
  13  0:16  Overlord  
  13  0:17  Drone  
  14  0:34  Drone x2  
  16  0:41  Drone  
  17  0:52  Drone  
  18  1:01  Drone  
  18  1:02  Hatchery  
  18  1:12  Drone  
  19  1:19  Spawning Pool  
  19  1:21  Drone  
  19  1:24  Extractor  
  18  1:33  Drone  
  19  1:42  Overlord  
  19  1:53  Drone  
  20  2:08  Drone  
  21  2:14  Drone  
  21  2:15  Drone  
  23  2:25  Queen  
  23  2:26  Queen  
  23  2:28  Drone x2  
  29  2:46  Drone  
  29  2:47  Drone x3  
  33  2:59  Drone  
  33  3:00  Drone  
  33  3:02  Hatchery  
  33  3:05  Queen  
  36  3:15  Overlord  
  36  3:16  Overlord  
  36  3:19  Metabolic Boost  
  36  3:27  Evolution Chamber  
  36  3:33  Queen, Drone  
  39  3:34  Drone x2  
  39  3:35  Drone  
  41  3:54  Zergling x6  
  44  3:56  Zergling x2  
  44  3:58  Zerg Melee Weapons Level 1  
  44  3:59  Drone x4  
  49  4:06  Overlord  
  49  4:07  Queen  
  51  4:10  Drone  
  52  4:22  Drone  
  52  4:23  Drone x3  
  52  4:24  Drone  
  57  4:31  Evolution Chamber x2  
  55  4:35  Drone x2  
  55  4:36  Roach Warren, Drone x4  
  60  4:45  Spore Crawler  
  59  4:46  Spore Crawler  
  59  4:49  Spore Crawler  
  57  4:56  Drone x5  
  57  4:57  Overlord  
  57  4:58  Extractor, Overlord x2  
  57  4:59  Extractor  
  60  5:16  Queen  
  62  5:21  Extractor, Roach  
  62  5:22  Roach x7  
  62  5:25  Extractor  
  76  5:45  Roach x5  
  76  5:46  Roach, Zergling x2  
  89  5:53  Drone  
  89  6:37  Lair  
  84  6:50  Spore Crawler  
  77  7:24  Lair  
  77  7:28  Zerg Ground Armor Level 1, Zerg Missile Weapons Level 1  
  77  8:08  Zerg Melee Weapons Level 2  
  77  8:11  Hydralisk Den  
  76  8:15  Roach x6, Zergling x2  
  89  8:25  Overseer  
  89  9:03  Overseer  
  89  9:12  Drone  
  89  9:13  Overlord x2  
  89  9:14  Overlord x5  
  90  9:18  Nydus Network  
  90  9:19  Drone  
  90  9:44  Hatchery  
  77  9:53  Roach  
  77  9:54  Hydralisk x2  
  77  9:55  Hydralisk x17  
  95  10:05  Overseer x3  
  95  10:10  Drone x9  
  104  10:25  Roach x3  
  72  10:56  Spine Crawler x3  
Show
View Real Time Build Order
Export as new Build Order

ChicagoMedic Protoss - Winner!

Build Orders:  

Get SALT Encoding   

  12  0:01  Probe (Chrono Boost)  
  13  0:11  Probe (Chrono Boost)  
  14  0:21  Pylon  
  14  0:24  Probe (Chrono Boost)  
  15  0:40  Probe (Chrono Boost)  
  16  0:50  Probe (Chrono Boost)  
  17  1:08  Nexus  
  17  1:14  Gateway  
  17  1:15  Probe (Chrono Boost)  
  19  1:25  Probe (Chrono Boost)  
  19  1:36  Probe (Chrono Boost)  
  20  1:40  Assimilator  
  20  1:44  Assimilator  
  20  1:46  Probe (Chrono Boost)  
  21  1:57  Pylon  
  21  2:05  Cybernetics Core  
  21  2:12  Probe (Chrono Boost)  
  23  2:23  Probe (Chrono Boost)  
  23  2:25  Probe (Chrono Boost)  
  24  2:33  Probe (Chrono Boost)  
  25  2:40  Probe (Chrono Boost)  
  25  2:43  Zealot  
  26  2:44  Gateway  
  26  2:50  Probe (Chrono Boost)  
  29  2:56  Warp Gate  
  29  2:58  Mothership Core (Chrono Boost)  
  31  3:02  Probe (Chrono Boost)  
  32  3:13  Probe (Chrono Boost)  
  32  3:17  Probe (Chrono Boost)  
  34  3:23  Probe (Chrono Boost)  
  34  3:26  Stalker  
  35  3:28  Probe (Chrono Boost)  
  39  3:34  Probe (Chrono Boost)  
  39  3:39  Probe (Chrono Boost)  
  40  3:43  Pylon  
  40  3:45  Probe (Chrono Boost)  
  41  3:49  Probe (Chrono Boost)  
  41  3:55  Probe (Chrono Boost)  
  43  4:00  Probe (Chrono Boost)  
  44  4:11  Twilight Council  
  44  4:13  Probe x2 (Chrono Boost)  
  46  4:24  Pylon  
  46  4:25  Probe x2 (Chrono Boost)  
  46  4:27  Pylon  
  48  4:33  Pylon  
  48  4:37  Assimilator  
  48  4:38  Probe x2 (Chrono Boost)  
  50  4:40  Assimilator  
  50  4:53  Gateway  
  50  4:55  Gateway  
  50  4:59  Gateway  
  52  5:00  Probe x2 (Chrono Boost)  
  52  5:01  Gateway  
  52  5:02  Gateway  
  52  5:05  Gateway  
  52  5:07  Gateway  
  52  5:09  Dark Shrine  
  52  5:41  Pylon  
  52  6:14  Pylon  
  52  6:23  Dark Templar x8  
  52  6:24  Dark Templar  
  69  6:52  Twilight Council  
  51  7:16  Zealot x4  
  51  7:17  Zealot x5  
  51  7:19  Charge  
  69  7:31  Pylon  
  69  7:34  Pylon  
  69  7:37  Pylon  
  69  7:49  Pylon  
  69  7:51  Pylon  
  69  7:58  Pylon  
  69  8:00  Zealot x4, Pylon  
  69  8:02  Zealot x4  
  69  8:03  Zealot  
  69  8:05  Pylon  
  87  8:18  Pylon  
  87  8:21  Pylon  
  87  8:23  Pylon  
  87  8:31  Templar Archives  
  87  8:36  Adept  
  87  8:37  Adept x6  
  87  8:38  Adept x2  
  105  8:57  Robotics Facility  
  105  8:59  Robotics Facility  
  105  9:07  Zealot x3  
  105  9:08  Zealot x6  
  123  9:33  Zealot x7  
  123  9:34  Zealot x2  
  129  9:54  Zealot x4  
  129  9:55  Zealot x5  
  143  10:29  Nexus  
Tags
 
Add a new tag
Caveats
  • Supply blocks, unpowered buildings, or Contaminate may cause inaccurate times.
  • Supply counts are checked every 10 seconds.